AoeStats
← _vishi_

MegaRandom

509077540Analyzed
4v4 RM · 8d ago on Sep 25, 2026· 108m 45s· 8 players
Game mode
Random Map
Map size
Large (8 player)
Population
200
Speed
Normal
Resources
Standard
Victory
Conquest
Starting age
Dark Age
Ending age
Imperial Age
RankedLock teamsTeams togetherTeam positionsShared explorationLock speedFull tech treeHidden civsTurbo modeCheats
Victory
Defeat
🇲🇦 Khmer · Morocco
1299
+19
🇨🇳 Khitans · China
1248
+21
🇹🇷 Lithuanians · Türkiye
1236
+22
🇮🇱 Chinese · Israel
1196
+24
🇮🇳 Vikings · India
1383
-22
🇨🇳 Saxons · China
1376
-22
🇨🇳 Danes · China
1363
-21
🇹🇼 Varangians · Taiwan
1359
-21
Rock_Bottom
1:01 Loom
11:18 Feudal Age
11:44 Double-Bit Axe
11:51 Gold Mining
15:31 Fletching
21:31 Castle Age
23:44 Medium Warships
23:36 Bodkin Arrow
24:47 Wheelbarrow
23:58 Town Watch
26:45 Ballistics
29:12 Gold Shaft Mining
29:04 Horse Collar
33:13 Hand Cart
33:10 Bow Saw
33:01 Heavy Plow
35:47 Siphons
39:25 Stone Mining
43:21 Imperial Age
43:28 Stone Shaft Mining
43:16 Caravan
44:06 Scale Barding Armor
45:20 Chemistry
44:26 Siege Engineers
44:31 Masonry
44:56 Bracer
45:20 Conscription
45:21 Bloodlines
45:17 Husbandry
45:39 Chain Barding Armor
45:36 Forging
44:57 Elite Ballista Elephant
46:16 Hoardings
46:21 Double Crossbow
46:58 Iron Casting
47:19 Crop Rotation
48:21 Plate Barding Armor
48:19 Architecture
47:45 Murder Holes
48:01 Fortified Wall
50:10 Light Cavalry
55:55 Coinage
57:00 Scale Mail Armor
58:01 Blast Furnace
57:54 Banking
58:14 Pikeman
59:11 Chain Mail Armor
61:51 Hussar
62:40 Halberdier
83:21 Guard Tower
85:45 Cavalier
88:17 Keep
97:09 Heated Shot
99:37 Onager
Fatih
4:35 Loom
10:30 Feudal Age
11:52 Gold Mining
13:55 Wheelbarrow
13:33 Double-Bit Axe
14:42 Stone Mining
20:56 Castle Age
19:21 Fletching
21:50 Medium Warships
21:57 Scale Barding Armor
25:03 Horse Collar
25:51 Forging
26:22 Bow Saw
26:52 Bloodlines
26:50 Husbandry
28:32 Chain Barding Armor
28:49 Iron Casting
29:47 Heavy Plow
38:43 Imperial Age
35:41 Light Cavalry
38:45 Cavalier
40:03 Plate Barding Armor
42:33 Paladin
53:29 Winged Hussar
55:54 Conscription
69:36 Caravan
70:40 Coinage
70:22 Guilds
73:06 Hand Cart
85:21 Two-Man Saw
85:15 Banking
85:51 Crop Rotation
107:15 Tower Shields
hanyok master
8:30 Loom
11:26 Feudal Age
12:02 Double-Bit Axe
14:12 Fletching
15:06 Wheelbarrow
17:44 Castle Age
15:34 Horse Collar
17:36 Padded Archer Armor
18:52 Bow Saw
18:58 Bodkin Arrow
19:39 Hand Cart
19:51 Gold Mining
20:44 Medium Warships
20:37 Stone Mining
21:27 Ballistics
22:41 Loom
22:42 Town Watch
23:08 Heavy Plow
28:40 Stone Shaft Mining
28:41 Gold Shaft Mining
30:11 Leather Archer Armor
30:40 Town Patrol
34:41 Imperial Age
33:08 Masonry
34:23 Fortified Wall
34:10 Murder Holes
35:27 Bracer
35:58 Ring Archer Armor
36:31 Chemistry
36:46 Conscription
37:15 Architecture
37:43 Elite Chu Ko Nu
40:32 Thumb Ring
44:06 Arrowslits
44:50 Sappers
49:33 Heated Shot
49:34 Guard Tower
54:15 Scale Barding Armor
54:20 Forging
55:45 Bloodlines
55:36 Husbandry
55:40 Light Cavalry
56:57 Iron Casting
56:49 Chain Barding Armor
60:27 Plate Barding Armor
60:53 Blast Furnace
61:05 Coinage
60:41 Caravan
103:53 Bombard Tower
SlyFever
1:08 Loom
11:53 Feudal Age
12:22 Double-Bit Axe
15:06 Forging
15:30 Domestication
16:44 Wheelbarrow
18:11 Scale Barding Armor
23:04 Castle Age
22:28 Gold Mining
22:30 Stone Mining
24:08 Hand Cart
23:39 Town Watch
24:39 Medium Warships
25:01 Chain Barding Armor
25:19 Iron Casting
24:48 Husbandry
24:08 Light Cavalry
33:21 Imperial Age
33:26 Stone Shaft Mining
34:51 Plate Barding Armor
36:24 Bow Saw
36:16 Pastoralism
35:59 Treadmill Crane
35:54 Hussar
38:57 Town Patrol
40:47 Scale Mail Armor
42:57 Ordo Cavalry
43:15 Conscription
43:06 Lamellar Armor
44:30 Chain Mail Armor
45:56 Chemistry
47:22 Plate Mail Armor
46:15 Elite Liao Dao
46:59 Capped Ram
49:16 Two-Man Saw
49:44 Heavy Camel Rider
49:59 Siege Ram
51:43 Transhumance
52:18 Fletching
52:28 Padded Archer Armor
55:08 Coinage
54:39 Caravan
54:50 Guilds
54:51 Bodkin Arrow
55:12 Leather Archer Armor
55:53 Bracer
56:47 Ballistics
56:38 Masonry
56:34 Siege Engineers
57:43 Ring Archer Armor
57:56 Banking
59:03 Squires
58:49 Arson
58:26 Pikeman
65:43 Heavy Rocket Cart
78:48 Murder Holes
_vishi_
12:01 Feudal Age
10:17 Loom
18:11 Castle Age
16:07 Double-Bit Axe
17:45 Fletching
19:35 Bow Saw
19:40 Bodkin Arrow
22:40 Horse Collar
25:02 Ballistics
25:45 Heavy Plow
32:33 Imperial Age
32:48 Gold Mining
33:36 Medium Warships
33:29 Bracer
35:13 Chemistry
33:57 Fishing Lines
34:44 Elite Longship
35:38 Scale Mail Armor
35:49 Forging
37:22 Elite Berserk
38:04 Chieftains
38:25 Conscription
40:34 Stone Mining
41:19 Gold Shaft Mining
41:48 Two-Man Saw
41:15 Chain Mail Armor
41:35 Iron Casting
40:50 Arson
41:05 Squires
42:05 Crop Rotation
43:59 Plate Mail Armor
44:30 Blast Furnace
50:35 Bogsveigar
50:45 Man-at-Arms
53:42 Crossbowman
54:59 Padded Archer Armor
55:05 Scale Barding Armor
57:13 Sappers
58:20 Hoardings
58:15 Onager
59:12 Siege Engineers
66:49 Caravan
78:32 Capped Ram
80:14 Heavy Scorpion
81:24 Siege Ram
托尼
7:35 Loom
11:33 Feudal Age
11:59 Double-Bit Axe
14:14 Fletching
15:55 Horse Collar
19:53 Castle Age
18:12 Gold Mining
18:12 Stone Mining
18:20 Fishing Lines
20:54 Medium Warships
20:36 Gillnets
21:00 Bow Saw
21:40 Bodkin Arrow
24:10 Stone Shaft Mining
30:43 Ballistics
31:24 Wheelbarrow
33:14 Hand Cart
33:29 Heavy Plow
38:18 Imperial Age
36:30 Clinker Construction
36:34 Careening
36:35 Clinker Construction
40:15 Two-Man Saw
38:55 Pikeman
39:21 Gambesons
39:44 Squires
40:47 Forging
40:42 Scale Barding Armor
40:25 Cavalier
41:16 Bloodlines
41:06 Husbandry
40:28 Light Cavalry
42:09 Iron Casting
41:26 Vendel Legacy
42:48 Conscription
42:59 Chain Barding Armor
43:15 Treadmill Crane
44:38 Blast Furnace
43:53 Elite Longship
45:00 Heavy Warships
45:15 Plate Barding Armor
44:40 Bracer
44:40 Padded Archer Armor
44:41 Scale Mail Armor
44:54 Masonry
45:07 Dry Dock
45:14 Carvel Hull
46:31 Crop Rotation
46:54 Conscription
46:59 Town Watch
49:10 Elite Jarl
51:37 Chemistry
51:08 Architecture
50:55 Leather Archer Armor
55:01 Coinage
54:41 Guilds
58:28 Onager
59:28 Capped Ram
60:27 Siege Ram
63:49 Siege Engineers
63:40 Murder Holes
73:23 Shipwright
73:08 Siphons
73:14 Fortified Wall
72:54 Guard Tower
72:55 Heated Shot
73:02 Heavy Scorpion
77:03 Banking
76:34 Caravan
77:51 Hussar
snk
8:20 Loom
10:30 Feudal Age
15:07 Castle Age
13:56 Horse Collar
14:02 Double-Bit Axe
17:29 Bow Saw
27:28 Wheelbarrow
26:43 Town Watch
26:53 Gold Mining
26:53 Stone Mining
31:30 Imperial Age
29:08 Crossbowman
29:42 Fletching
30:25 Thumb Ring
31:16 Bodkin Arrow
31:21 Padded Archer Armor
31:43 Hand Cart
32:30 Ballistics
31:39 Arbalester
33:37 Chemistry
33:27 Bracer
34:54 Siege Engineers
36:33 Town Patrol
36:42 Pikeman
37:23 Squires
37:08 Gambesons
38:35 Gold Shaft Mining
38:00 Arson
39:33 Elite Skirmisher
39:35 Halberdier
40:01 Arson
40:36 Leather Archer Armor
40:21 Scale Mail Armor
40:32 Forging
40:46 Arrowslits
41:12 Masonry
40:28 Shield Wall
41:29 Conscription
43:06 Architecture
42:26 Guard Tower
46:34 Treadmill Crane
47:30 Keep
46:51 Murder Holes
47:07 Fortified Wall
68:38 Hoardings
79:45 Coinage
79:16 Caravan
79:27 Guilds
97:42 Elite Varangian Guard
赤道大变了
6:57 Loom
11:01 Feudal Age
15:10 Fletching
17:55 Castle Age
18:04 Double-Bit Axe
19:17 Bodkin Arrow
19:22 Stone Mining
19:22 Gold Mining
22:00 Wheelbarrow
28:12 Medium Warships
37:48 Horse Collar
39:13 Scale Mail Armor
39:24 Forging
42:13 Heavy Plow
47:02 Imperial Age
44:26 Town Watch
44:58 Hand Cart
45:19 Chain Mail Armor
46:09 Masonry
46:50 Iron Casting
47:05 Hamask
48:29 Plate Mail Armor
48:01 Gold Mining
52:05 Northmen's Fury
Connection lost

Rejoining the realm…

Still unreachable

The connection could not be restored.

Session expired

The server has moved on; the page needs a fresh start.